 Dungeon Crawl Stone Soup version 0.20-a0-1016-g241539b (webtiles) character file.

399 tself55 the Cutter (level 6, -2/48 HPs)
             Began as a Vampire Assassin on Apr 16, 2017.
             Killed by nerve-wracking pain
             ... invoked by an orc priest
              (5 damage)
             ... on level 4 of the Dungeon.
             The game lasted 00:08:32 (4092 turns).

tself55 the Cutter (Vampire Assassin)               Turns: 4092, Time: 00:08:32

Health: -2/48      AC: 10    Str: 12    XL:     6   Next: 53%
Magic:  6/6        EV: 10    Int: 17    God:
Gold:   79         SH:  0    Dex: 15    Spells: 5/5 levels left

rFire    . . .     SeeInvis +   a - +3 dagger
rCold    . . .     Gourm    .   (no shield)
rNeg     + . .     Faith    .   n - +2 ring mail {MR+}
rPois    .         Spirit   .   h - +2 helmet {Int+3}
rElec    .         Reflect  .   (no cloak)
rCorr    .         Harm     .   (no gloves)
MR       +....                  (no boots)
Stlth    +++.......             (no amulet)
Regen    0.2/turn               (no ring)
MPRegen  0.1/turn               (no ring)

@: lethally poisoned (-2 -> -6)
A: fangs 3, see invisible, unbreathing
a: Bat Form


You were on level 4 of the Dungeon.
You were not thirsty.

You visited 1 branch of the dungeon, and saw 4 of its levels.

You collected 79 gold pieces.

Inventory:

Hand Weapons
 a - a +3 dagger (weapon)
 b - a +0 blowgun
 p - a +0 falchion
Missiles
 e - 8 poisoned needles
 f - 2 curare-tipped needles
Armour
 d - a +0 cloak
 h - a +2 helmet of intelligence (worn)
 n - a +2 ring mail of magic resistance (worn)
Scrolls
 c - a scroll of identify
 g - 2 scrolls of remove curse
 i - a scroll of blinking {unknown}
 k - a scroll of magic mapping {unknown}
 o - 2 scrolls of teleportation
 s - a scroll of fear {unknown}
 u - 3 scrolls of enchant weapon
 w - a scroll of random uselessness {unknown}
 x - a scroll of enchant armour {unknown}
Potions
 j - a potion of flight {unknown}
 l - 2 potions of mutation {unknown}
 m - 2 potions of agility {unknown}
 q - 29 potions of blood
 r - 4 potions of curing {unknown}
 v - a potion of cancellation {unknown}


   Skills:
 + Level 3.9 Fighting
 * Level 6.4 Short Blades
 - Level 1.5 Throwing
 + Level 1.1 Dodging
 - Level 5.8 Stealth


You had 5 spell levels left.
You didn't know any spells.

Dungeon Overview and Level Annotations

Branches:
Dungeon (4/15)
 Temple: D:4-7

Altars:
Ashenzari
Cheibriados
Elyvilon
Fedhas
Hepliaklqana
Wu Jian


Innate Abilities, Weirdness & Mutations

You have razor-sharp teeth.
You have supernaturally acute eyesight. (SInv)
You can survive without breathing.


Message History

The worker ant poisons you!
You hit the worker ant.
The worker ant is heavily wounded.
You feel sick. The worker ant bites you.
* * * LOW HITPOINT WARNING * * *
The orc priest looks encouraged for a moment.
You hit the worker ant.
The worker ant is severely wounded.
The orc priest miscasts a cantrip.
You hit the worker ant.
The worker ant is severely wounded.
* * * LOW HITPOINT WARNING * * *
You feel sick. The worker ant barely misses you.
The orc priest miscasts a cantrip.
You hit the worker ant.
The worker ant is almost dead.
The worker ant bites you but does no damage.
The orc priest calls down the wrath of Beogh upon you.
Pain shoots through your body!
You die...

#### ..#
#.# #<###
#.#.###.#
#.......#
###a#.#####
#$.@#.#
......#o# #
.####..o#
##..# #..#
#..# #..#
...# #.##


You could see a worker ant and 2 orc priests.

Vanquished Creatures
  A bullfrog (D:3)
  Jessica (D:2)
  Terence (D:2)
  Robin (D:1)
  7 gnolls
  8 adders
  2 oozes
  7 worms
  4 dart slugs
  3 leopard geckos
  An orc (D:4)
  3 giant cockroaches
  18 goblins
  9 hobgoblins
  7 jackals
  A quokka (D:3)
  4 bats
  5 frilled lizards
  10 kobolds
  9 rats
102 creatures vanquished.

Vanquished Creatures (others)
  An ooze (D:2)
  A worm (D:2)
  A goblin (D:2)
  A quokka (D:2)
4 creatures vanquished.

Grand Total: 106 creatures vanquished

Notes
Turn   | Place    | Note
-------+----------+-------------------------------------------
     0 | D:1      | tself55 the Vampire Assassin began the quest for the Orb.
     0 | D:1      | Reached XP level 1. HP: 16/16 MP: 1/1
   144 | D:1      | Reached XP level 2. HP: 16/22 MP: 2/2
   507 | D:1      | Reached skill level 3 in Short Blades
   804 | D:1      | Reached XP level 3. HP: 15/28 MP: 3/3
  1034 | D:2      | Found a hazy altar of Hepliaklqana.
  1063 | D:2      | Noticed Robin
  1241 | D:1      | Killed Robin
  1241 | D:1      | Reached skill level 4 in Short Blades
  1241 | D:1      | Reached XP level 4. HP: 28/34 MP: 4/4
  1735 | D:2      | Found a shattered altar of Ashenzari.
  1771 | D:2      | Noticed Jessica
  1776 | D:2      | Killed Jessica
  1777 | D:2      | Found a white marble altar of Elyvilon.
  2195 | D:2      | Reached XP level 5. HP: 25/41 MP: 5/5
  2202 | D:2      | HP: 1/41 [gnoll/flail (11)]
  2664 | D:2      | Reached skill level 5 in Short Blades
  2791 | D:2      | Noticed Terence
  2799 | D:2      | Killed Terence
  3359 | D:3      | Reached XP level 6. HP: 47/47 MP: 6/6
  3424 | D:3      | Found a snail-covered altar of Cheibriados.
  3565 | D:3      | Found a blossoming altar of Fedhas.
  3580 | D:3      | Reached skill level 6 in Short Blades
  3876 | D:3      | Found an ornate altar of the Wu Jian Council.
  4092 | D:4      | Killed from afar by an orc priest

Vault maps used:
D:1:      lemuel_arrival_room
D:2:      lemuel_round_altar, nicolae_ashenzari_panopticon, first_bread,
          elyvilon_altar_4, uniq_jessica, uniq_robin, uniq_terence
D:3:      cheibriados_altar_1, overflow_temple_1_default, old_standard_altar
D:4:      vehumet_altar_wand_db, led_sif_book, uniq_pikel

Skill      XL: |  1  2  3  4  5  6 |
---------------+-------------------+-----
Fighting       | 2 3 |  3.9
Short Blades   | 3 4 5 6 |  6.4
Throwing       | |  1.5
Dodging        | |  1.1
Stealth        | |  5.8

Action                   |  1- 3 |  4- 6 || total
-------------------------+-------+-------++-------
Melee: Dagger            |   127 |   324 ||   451
       Bite              |    11 |    42 ||    53
 Abil: End Transformatio |       |     1 ||     1
       Bat Form          |       |     1 ||     1
  Use: Potion            |       |    11 ||    11
       Scroll            |       |     5 ||     5
 Stab: Sleeping          |     9 |     9 ||    18
Armor: Robe              |    12 |       ||    12
       Leather armour    |    18 |    30 ||    48
       Scale mail        |       |    39 ||    39
       Ring mail         |       |    26 ||    26
Dodge: Dodged            |    74 |    87 ||   161
